 Dungeon Crawl Stone Soup version 0.29-a0-193-ga21e45360d (webtiles) character file.

Game seed: 5256015345612827914

8512 Murumi the Blocker (level 11, -7/85 (86) HPs)
             Began as a Formicid Fighter on Feb 22, 2022.
             Was a Priest of Okawaru.
             Mangled by a two-headed ogre
             ... wielding a +0 giant spiked club
              (13 damage)
             ... on level 10 of the Dungeon.
             The game lasted 00:38:41 (12312 turns).

Murumi the Blocker (Formicid Fighter)              Turns: 12312, Time: 00:38:42

HP:   -7/85 (86)    AC: 21    Str: 25    XL:     11   Next: 57%
MP:   21/23         EV:  9    Int:  8    God:    Okawaru [***...]
Gold: 263           SH: 12    Dex: 10    Spells: 10/10 levels left

rFire   . . .      SeeInvis +   a - +0 great mace
rCold   . . .      Faith    .   x - +0 kite shield
rNeg    + . .      Spirit   .   g - +1 plate armour
rPois   .          Reflect  .   (helmet unavailable)
rElec   .          Harm     .   i - +0 cloak
rCorr   .          Rampage  .   o - +0 pair of gloves
Will    +....                   r - +0 pair of boots
Stlth   ..........              c - amulet of regeneration
HPRegen 1.04/turn               j - ring of magical power
MPRegen 0.18/turn               s - ring of positive energy

@: heroic, lightly drained
A: permanent stasis, dig shafts and tunnels, antennae 3, four strong arms
a: Dig, Shaft Self, Renounce Religion, Heroism


You were on level 10 of the Dungeon.
You worshipped Okawaru.
Okawaru was most pleased with you.
You visited 2 branches of the dungeon, and saw 11 of its levels.

You collected 480 gold pieces.
You spent 217 gold pieces at shops.

Inventory:

Hand Weapons
 a - a +0 great mace (weapon)
 f - a +0 hand crossbow
Armour
 g - a +1 plate armour (worn)
 i - a +0 cloak (worn)
 o - a +0 pair of gloves (worn)
 r - a +0 pair of boots (worn)
 x - a +0 kite shield (worn)
Jewellery
 c - an amulet of regeneration (around neck)
 j - a ring of magical power (left hand)
 s - a ring of positive energy (right hand)
Wands
 m - a wand of digging (7)
 p - a wand of iceblast (3)
 v - a wand of flame (22)
Scrolls
 e - a scroll of identify
 k - 4 scrolls of fog
 q - 2 scrolls of enchant weapon
 u - 2 scrolls of enchant armour
Potions
 b - a potion of lignification
 d - 5 potions of might
 h - a potion of resistance
 l - a potion of flight
 n - 2 potions of curing
 t - 2 potions of attraction
 w - a potion of mutation


   Skills:
 - Level 8.0(13.0) Fighting
 - Level 7.0(12.0) Maces & Flails
 - Level 7.0(12.0) Crossbows
 - Level 8.0(13.0) Armour
 - Level 3.0(8.0) Dodging
 - Level 6.0(11.0) Stealth
 + Level 9.3(14.3) Shields
 - Level 5.0 Invocations
 - Level 4.0 Evocations


You had 10 spell levels left.
You didn't know any spells.
Your spell library contained the following spells:

 Spells                   Type           Power      Damage    Failure   Level
 Apportation              Tloc           0%         N/A       99%         1
 Sandblast                Erth           0%         2d4       99%         1
 Passwall                 Tmut/Erth      0%         N/A       100%        2
 Conjure Flame            Conj/Fire      0%         6-21      100%        3
 Gell's Gravitas          Tloc           0%         N/A       100%        3
 Ignite Poison            Fire/Tmut/Pois 0%         N/A       100%        3
 Stone Arrow              Conj/Erth      0%         3d7       100%        3
 Teleport Other           Tloc           0%         N/A       100%        3
 Passage of Golubria      Tloc           0%         N/A       100%        4
 Sticky Flame             Conj/Fire      0%         2d3       100%        4
 Alistair's Intoxication  Tmut/Pois      0%         N/A       100%        5
 Yara's Violent Unravell  Hex/Tmut       0%         3d3       100%        5
 Dispersal                Tloc           0%         N/A       100%        6
 Tukima's Dance           Hex            Unusable   N/A       N/A         3

Dungeon Overview and Level Annotations

Branches:
Dungeon (10/15)            Temple (1/1) D:6            Lair (0/6) D:10
    Orc: D:9-12

Altars:
Ashenzari
Cheibriados
Dithmenos
Elyvilon
Fedhas
Gozag
Hepliaklqana
Kikubaaqudgha
Makhleb
Nemelex Xobeh
Okawaru
Qazlal
Ru
Sif Muna
Trog
Uskayaw
Vehumet
Wu Jian
Xom
Yredelemnul
Zin
The Shining One

Shops:
D:5 [   D:8 *   D:9 (

Annotations:
D:10 1 runed translucent door


Innate Abilities, Weirdness & Mutations

You cannot be hasted, slowed, berserked, paralysed or teleported.
You can dig through walls and to a lower floor.
You have a pair of large antennae on your head. (SInv)
Your four strong arms can wield two-handed weapons with a shield.


Message History

You barely miss the two-headed ogre.
The two-headed ogre is moderately wounded.
An orc priest comes into view. It is wielding a +0 short sword.
The two-headed ogre hits you with a +0 giant spiked club!!
You block the two-headed ogre's attack.
The orc priest shouts!
You hit the two-headed ogre but do no damage.
The two-headed ogre is moderately wounded.
The two-headed ogre barely misses you.
The two-headed ogre hits you but does no damage.
The orc priest looks satisfied for a moment.
The two-headed ogre hits you but does no damage.
The two-headed ogre hits you with a +0 giant club!
You barely miss the two-headed ogre.
The two-headed ogre is moderately wounded.
The two-headed ogre hits you with a +0 giant spiked club!
The two-headed ogre hits you with a +0 giant club.
You hit the two-headed ogre.
The two-headed ogre is heavily wounded.
The two-headed ogre hits you with a +0 giant spiked club.
The two-headed ogre hits you with a +0 giant club!
You gain the combat prowess of a mighty hero.
The two-headed ogre barely misses you.
The two-headed ogre hits you with a +0 giant club!
* * * LOW HITPOINT WARNING * * *
You bludgeon the two-headed ogre!!
The two-headed ogre is severely wounded.
You closely miss the two-headed ogre.
The two-headed ogre is severely wounded.
The two-headed ogre hits you with a +0 giant spiked club.
* * * LOW HITPOINT WARNING * * *
The two-headed ogre hits you with a +0 giant club!
* * * LOW HITPOINT WARNING * * *
Okay, then.
You thump the two-headed ogre!
The two-headed ogre is almost dead.
An orc comes into view. It is wielding a +0 flail.
The orc priest hits you but does no damage.
The two-headed ogre hits you with a +0 giant spiked club!
You die...

#.#.#....#....#
#...#...)'.##.+
#...#....#.##.#
.#+#######...######....#
.................[......
.#..#...###############
#. #...# ...#..#)).# {
........@O# {
#########o......
###....o ..... .... ###


You could see a two-headed ogre, an orc priest and an orc (wandering).

Vanquished Creatures
  A centaur warrior (D:8)
  A two-headed ogre (D:8)
  The ghost of Zigma the Caller, a novice OpSu of Sif Muna (D:5)
  An unseen horror (D:10)
  A gargoyle (D:10)
  A kobold demonologist (D:8)
  2 trolls
  2 hornets
  Grinder (D:4)
  A shadow (D:5)
  Sigmund (D:5)
  2 wraiths
  2 steam dragons
  3 yaks (D:9)
  2 acid dragons
  Edmund (D:4)
  A water moccasin (D:8)
  3 ice beasts (D:7)
  An orc warrior (D:10)
  A sky beast (D:8)
  A necrophage (D:7)
  An ogre (D:7)
  5 centaurs
  2 phantoms (D:6)
  2 kobold brigands (D:8)
  A bullfrog (D:5)
  Blork the orc (D:8)
  3 gnoll sergeants (D:8)
  4 scorpions
  2 water moccasin zombies (D:5)
  3 killer bees (D:6)
  A water moccasin skeleton (D:5)
  2 wights (D:8)
  Crazy Yiuf (D:2)
  2 centaur zombies
  4 hounds
  A jelly (D:5)
  4 orc priests
  2 gnoll shamans
  Jessica (D:2)
  2 centaur skeletons
  Ijyb (D:4)
  An iguana (D:3)
  10 orc wizards
  2 killer bee zombies
  A hound skeleton (D:5)
  A howler monkey zombie (D:7)
  4 adders
  16 gnolls
  3 worms
  3 dart slugs (D:1)
  30 orcs
  11 endoplasms
  2 giant cockroaches (D:1)
  4 goblins
  7 hobgoblins
  4 quokkas
  8 ball pythons
  4 bats
  5 frilled lizards
  13 kobolds
  3 rats
207 creatures vanquished.

Notes
Turn   | Place    | Note
-------+----------+-------------------------------------------
     0 | D:1      | Murumi the Formicid Fighter began the quest for the Orb.
     0 | D:1      | Reached XP level 1. HP: 18/18 MP: 1/1
    67 | D:1      | Reached skill level 4 in Shields
   240 | D:1      | Reached XP level 2. HP: 22/24 MP: 2/2
   691 | D:1      | Reached XP level 3. HP: 30/30 MP: 3/3
  1743 | D:2      | Reached skill level 1 in Stealth
  1745 | D:2      | Reached skill level 1 in Dodging
  1745 | D:2      | Reached XP level 4. HP: 27/37 MP: 4/4
  1745 | D:2      | Noticed Jessica
  1773 | D:2      | Killed Jessica
  1774 | D:2      | Reached XP level 5. HP: 7/42 MP: 5/5
  2218 | D:2      | Found a runed translucent door.
  2219 | D:2      | Noticed Crazy Yiuf
  2465 | D:2      | You fall into a shaft and drop 2 floors!
  2690 | D:2      | Killed Crazy Yiuf
  3107 | D:3      | Reached skill level 5 in Shields
  3719 | D:3      | Reached XP level 6. HP: 44/48 MP: 6/6
  3767 | D:3      | Found a faded altar of an unknown god.
  4064 | D:4      | Noticed Edmund
  4095 | D:4      | HP: 1/48 [Edmund/+2 flail of protection (7)]
  4097 | D:4      | Killed Edmund
  4394 | D:4      | Reached skill level 5 in Fighting
  4394 | D:4      | Reached XP level 7. HP: 56/56 MP: 7/7
  4578 | D:4      | Noticed Grinder
  4602 | D:4      | Killed Grinder
  4603 | D:4      | Reached skill level 5 in Armour
  4603 | D:4      | Reached skill level 1 in Evocations
  4788 | D:4      | Noticed Ijyb
  4805 | D:4      | Killed Ijyb
  4806 | D:4      | Reached skill level 6 in Shields
  5202 | D:5      | Entered Level 5 of the Dungeon
  5202 | D:5      | Noticed Sigmund
  5207 | D:5      | Killed Sigmund
  5208 | D:5      | Reached XP level 8. HP: 62/62 MP: 8/8
  5494 | D:5      | Noticed a shadow
  5505 | D:5      | Killed a shadow
  5506 | D:5      | Reached skill level 7 in Shields
  5756 | D:5      | Reached skill level 5 in Maces & Flails
  5765 | D:5      | Reached XP level 9. HP: 63/69 MP: 9/9
  6256 | D:5      | Found Qiraex's Antique Armour Emporium.
  6274 | D:5      | Reached skill level 8 in Shields
  6299 | D:5      | Bought a pair of boots for 126 gold pieces
  6361 | D:5      | Found a runed translucent door.
  6362 | D:5      | Noticed Zigma's ghost (novice OpSu)
  6475 | D:5      | Killed Zigma's ghost
  6921 | D:6      | Reached skill level 5 in Stealth
  7194 | D:6      | Found a staircase to the Ecumenical Temple.
  7205 | Temple   | Entered the Ecumenical Temple
  7546 | Temple   | Became a worshipper of Warmaster Okawaru
  7764 | D:6      | Reached XP level 10. HP: 79/79 MP: 10/10
  7944 | D:7      | Reached skill level 9 in Shields
  8540 | D:7      | Reached * piety under Okawaru
  8813 | D:7      | Found a blossoming altar of Fedhas.
  9199 | D:8      | Noticed a two-headed ogre
  9207 | D:8      | Killed a two-headed ogre
  9251 | D:8      | Found Ufepig's General Store.
  9770 | D:8      | Reached ** piety under Okawaru
  9771 | D:8      | Noticed Blork the orc
  9797 | D:8      | Killed Blork the orc
  9800 | D:8      | Reached skill level 5 in Invocations
 10009 | D:8      | Identified the +6 long sword "Ampal" {freeze, rC+ Int-2
                  | Dex+7}
 10069 | D:8      | Noticed a centaur warrior
 10087 | D:8      | Killed a centaur warrior
 10088 | D:8      | Reached XP level 11. HP: 58/86 MP: 14/14
 10507 | D:9      | Noticed a sixfirhy
 10743 | D:9      | Found Ywasuduh's Weapon Shop.
 10750 | D:9      | Bought a +0 great mace for 91 gold pieces
 11080 | D:9      | Reached skill level 5 in Crossbows
 11709 | D:10     | Entered Level 10 of the Dungeon
 11927 | D:10     | Reached *** piety under Okawaru
 11941 | D:10     | Found a staircase to the Lair.
 12140 | D:10     | Noticed a six-headed hydra
 12140 | D:10     | Noticed a flayed ghost
 12141 | D:10     | Found a runed translucent door.
 12143 | D:10     | Noticed a fire crab
 12143 | D:10     | Noticed a fire crab
 12143 | D:10     | Identified the +9 trident of Zadumn {venom, rElec rC+ Int+3
                  | Dex-4}
 12143 | D:10     | Noticed an orc high priest
 12143 | D:10     | Noticed a five-headed hydra
 12298 | D:10     | Noticed a two-headed ogre
 12312 | D:10     | Mangled by a two-headed ogre

Illustrated notes

Levels and vault maps discovered:
D:1:      noname_arrival_rooms_in_the_neighbourhood, layout_basic,
          grunt_decor_mini_mirrors
D:2:      layout_basic, st_stairs_14, uniq_jessica, uniq_crazy_yiuf_cottage
D:3:      layout_rooms, shapermc_ecumenical_altar_mp_vishouse, hex_large,
          kennysheep_generic_room_14
D:4:      layout_cave_pools, uniq_grinder, uniq_ijyb, uniq_edmund
D:5:      layout_loops_ring, ebering_ghost_sewer_d, serial_shops,
          nicolae_diamond_shop, kennysheep_generic_room_7, uniq_sigmund
D:6:      layout_gridville, minmay_temple_entry_proselytizer
D:7:      layout_cave_pools, general_overflow_altar, dk_noncrumbling_2
D:8:      layout_loops_cross, serial_shops, shop, sword_in_stone
D:9:      layout_gridville, serial_shops, shop
D:10:     minmay_gate_of_8, layout_stronghold, dpeg_oklobed_lair, erik_orc_1
Temple:   mainiacjoe_temple_starburst

Skill      XL: |  1  2  3  4  5  6  7  8  9 10 11 |
---------------+----------------------------------+-----
Shields        | 4 5 6 7 8 9 |  9.3
Fighting       | 4 5 6 7 8 |  8.0
Armour         | 4 5 7 8 |  8.0
Stealth        | 1 2 3 4 5 6 |  6.0
Dodging        | 1 2 3 |  3.0
Maces & Flails | 3 4 5 6 7 |  7.0
Evocations     | 2 3 4 |  4.0
Invocations    | 5 |  5.0
Crossbows      | 2 7 |  7.0

Action                   |  1- 3 |  4- 6 |  7- 9 | 10-12 || total
-------------------------+-------+-------+-------+-------++-------
Melee: Flail             |    97 |   163 |   283 |   240 ||   783
       Great mace        |       |       |       |   131 ||   131
 Fire: Hand crossbow     |       |       |       |    43 ||    43
Invok: Heroism           |       |       |       |     4 ||     4
 Abil: Dig               |       |     1 |     3 |    10 ||    14
  Use: Scroll            |     3 |     7 |     6 |     1 ||    17
       Potion            |       |     1 |       |     1 ||     2
Armor: Scale mail        |    20 |       |       |       ||    20
       Plate armour      |    27 |    87 |   185 |   214 ||   513
Dodge: Dodged            |    38 |    30 |    91 |   119 ||   278
Block: Buckler           |    16 |    28 |    77 |    32 ||   153
       Kite shield       |       |       |       |   135 ||   135

Table legend: (Time is in decaauts)
 A = Elapsed time spent in this place.
 B = Non-inter-level travel time spent in this place.
 C = Inter-level travel time spent in this place.
 D = Time resting spent in this place.
 E = Time spent auto-exploring this place.
 F = Levels seen in this place.
 G = Mean time per level.
                   A        B        C        D        E       F      G
               +--------+--------+--------+--------+--------+-----+--------+
         Total |  12558 |  11684 |    874 |    144 |   9311 |  11 | 1141.6 |
       Dungeon |  12018 |  11193 |    825 |    144 |   8827 |  10 | 1201.8 |
        Temple |    539 |    491 |     48 |      0 |    484 |   1 |  539.0 |
               +--------+--------+--------+--------+--------+-----+--------+

Top non-repeatable levels by time:
     D:8: 1744 daAuts
     D:1: 1566 daAuts
     D:2: 1461 daAuts
     D:5: 1429 daAuts
     D:4: 1218 daAuts
     D:9: 1130 daAuts
     D:3: 1066 daAuts
     D:6: 950 daAuts
     D:7: 918 daAuts
  Temple: 539 daAuts
    D:10: 532 daAuts
